 Dungeon Crawl Stone Soup version 0.29.0-5-ge4962eb29e (webtiles) character file.

Game seed: 14519960742601444042

644 Godmorgon the Chopper (level 7, 0/88 HPs)
             Began as a Palentonga Fighter on Aug 28, 2022.
             Was an Initiate of Okawaru.
             Succumbed to Duvessa's poison
             ... on level 5 of the Dungeon.
             The game lasted 00:17:46 (4123 turns).

Godmorgon the Chopper (Palentonga Fighter)          Turns: 4123, Time: 00:17:47

Health: 0/88       AC:  8    Str: 24    XL:     7   Next: 27%
Magic:  7/7        EV:  7    Int:  8    God:    Okawaru [......]
Gold:   234        SH:  4    Dex:  9    Spells: 6/6 levels left

rFire   . . .      SeeInvis +   a - +0 war axe
rCold   . . .      Faith    +   c - +0 buckler
rNeg    . . .      Spirit   .   b - +0 scale mail
rPois   +          Reflect  .   (no helmet)
rElec   .          Harm     .   z - +0 cloak
rCorr   +          Rampage  .   A - +0 pair of gloves
Will    .....                   (no barding)
Stlth   ..........              v - amulet of faith
HPRegen 0.24/turn               s - ring of poison resistance
MPRegen 0.10/turn               e - ring of resist corrosion

@: berserking (expiring), lethally poisoned (0 -> -1), studying Staves, very
quick
A: large, rugged brown scales 3, see invisible, deformed body, roll 1, armoured
tail, reflexive curl
a: Rolling Charge, Renounce Religion


You were on level 5 of the Dungeon.
You worshipped Okawaru.
Okawaru was noncommittal.
You visited 2 branches of the dungeon, and saw 6 of its levels.
You also visited: Sewer.

You collected 234 gold pieces.

Inventory:

Hand Weapons
 a - a +0 war axe (weapon)
 n - a +2 dagger of venom
Missiles
 y - 3 poisoned darts
 B - 4 boomerangs
Armour
 b - a +0 scale mail (worn)
 c - a +0 buckler (worn)
 z - a +0 cloak (worn)
 A - a +0 pair of gloves (worn)
Jewellery
 e - a ring of resist corrosion (right hand)
 s - a ring of poison resistance (left hand)
 v - an amulet of faith (around neck)
Wands
 C - a wand of flame (22)
Scrolls
 i - a scroll of teleportation
 k - a scroll of enchant weapon
 m - a scroll of blinking
 r - a scroll of silence {unknown}
 t - 2 scrolls of vulnerability {unknown}
 u - 2 scrolls of summoning {unknown}
 w - a scroll of fog {unknown}
Potions
 d - 4 potions of might
 f - a potion of ambrosia {unknown}
 h - 4 potions of curing
 j - 3 potions of brilliance
 l - a potion of attraction {unknown}
 o - a potion of mutation {unknown}
 p - 3 potions of heal wounds {unknown}
 q - a potion of magic {unknown}
 x - 2 potions of haste {unknown}
 D - 2 potions of lignification {unknown}
 E - a potion of degeneration {unknown}


   Skills:
 + Level 5.4 Fighting
 * Level 6.8 Axes
 - Level 2.4 Armour
 - Level 2.6 Shields


You had 6 spell levels left.
You didn't know any spells.
Your spell library was empty.

Dungeon Overview and Level Annotations

Branches:
Dungeon (5/15)             Temple (1/1) D:5           Sewer (visited)

Altars:
Dithmenos
Elyvilon
Fedhas
Gozag
Hepliaklqana
Kikubaaqudgha
Makhleb
Nemelex Xobeh
Okawaru
Qazlal
Ru
Sif Muna
Trog
Uskayaw
Xom
Yredelemnul
Zin
The Shining One

Annotations:
D:4 1 runed translucent door, Crazy Yiuf
D:5 Pikel


Innate Abilities, Weirdness & Mutations

You are completely covered in rugged brown scales. (AC +3, +7% HP)
You have supernaturally acute eyesight. (SInv)
Armour fits poorly on your strangely shaped body.
You can roll at nearby foes to attack.
You have a long armoured tail.
You curl defensively after being hit. (AC +7*)


Message History

You block Duvessa's attack.
You hit Duvessa.
Duvessa is severely wounded.
You block Duvessa's attack.
Duvessa hits you with a +1 short sword of venom.
* * * LOW HITPOINT WARNING * * *
You are poisoned.
You slash Duvessa!
Duvessa is almost dead.
You feel sick.
Duvessa hits you with a +1 short sword of venom!
* * * LOW HITPOINT WARNING * * *
You closely miss Duvessa.
Duvessa is almost dead.
* * * LOW HITPOINT WARNING * * *
You feel sick.
Duvessa hits you with a +1 short sword of venom.
* * * LOW HITPOINT WARNING * * *
You closely miss Duvessa. You tail-slap Duvessa.
You kill Duvessa!
Okawaru accepts your kill.
* * * LOW HITPOINT WARNING * * *
You feel sick.
You are too berserk!
Unknown command.
You hit the lemure but do no damage.
Your tail-slap misses the lemure.
* * * LOW HITPOINT WARNING * * *
You feel sick. The lemure closely misses you.
You barely miss the lemure. You slash Pikel!
Pikel is heavily wounded.
* * * LOW HITPOINT WARNING * * *
You feel sick.
You closely miss Pikel.
Pikel is heavily wounded.
* * * LOW HITPOINT WARNING * * *
You feel sick.
You barely miss Pikel.
Pikel is heavily wounded.
You die...

#...###...#...#...#
......[.#.......#...
.....#.....>.....#
...#...#.......#...
.........#...#...#
.###.###.......###
.....###..#.#..#
.<.............#######
...........#..@K55....
.#######......###.####
#.##..## ......##
........# ########?#
##. #


You could see Pikel and 2 lemures.

Vanquished Creatures
  A water moccasin (Sewer)
  Duvessa (D:5)
  A necrophage (D:4)
  Dowan (D:5)
  2 orc priests (D:4)
  A hound (D:3)
  An iguana (D:3)
  An orc wizard (D:4)
  Robin (D:4)
  6 adders
  A shadow imp (D:4)
  An ufetubus (D:4)
  3 worms
  A dart slug (D:3)
  7 orcs
  3 ball pythons
  10 endoplasms
  2 giant cockroaches (D:4)
  13 goblins
  12 hobgoblins
  5 jackals
  6 kobolds
  10 quokkas
  9 bats
  2 frilled lizards
  3 rats
104 creatures vanquished.

Vanquished Creatures (others)
  2 demonic plants (D:4)
2 creatures vanquished.

Grand Total: 106 creatures vanquished

Notes
Turn   | Place    | Note
-------+----------+-------------------------------------------
     0 | D:1      | Godmorgon the Palentonga Fighter began the quest for the
                  | Orb.
     0 | D:1      | Reached XP level 1. HP: 19/19 MP: 1/1
   208 | D:1      | Reached XP level 2. HP: 25/25 MP: 2/2
   848 | D:2      | Found a faded altar of an unknown god.
   858 | D:2      | Reached skill level 3 in Axes
   914 | D:2      | Reached XP level 3. HP: 24/31 MP: 3/3
  1239 | D:2      | Reached XP level 4. HP: 39/39 MP: 4/4
  1694 | D:3      | Found a sparkling altar of Nemelex Xobeh.
  1879 | D:3      | Reached skill level 4 in Axes
  2158 | D:3      | Reached XP level 5. HP: 38/44 MP: 5/5
  2560 | D:3      | Found a bloodstained altar of Trog.
  2699 | D:4      | Reached skill level 5 in Axes
  2930 | D:4      | Reached XP level 6. HP: 40/52 MP: 6/6
  3031 | D:4      | Found a glowing drain.
  3053 | D:4      | Noticed Robin
  3062 | Sewer    | Entered a sewer
  3190 | Sewer    | Noticed a water moccasin
  3202 | Sewer    | Killed a water moccasin
  3259 | D:4      | Killed Robin
  3260 | D:4      | Reached skill level 6 in Axes
  3307 | D:4      | Found an ancient bone altar of Kikubaaqudgha.
  3434 | D:4      | Reached skill level 5 in Fighting
  3907 | D:4      | Found a runed translucent door.
  3908 | D:4      | Noticed Crazy Yiuf
  3965 | D:5      | Entered Level 5 of the Dungeon
  3968 | D:5      | Found a staircase to the Ecumenical Temple.
  3975 | Temple   | Entered the Ecumenical Temple
  4010 | Temple   | Became a worshipper of Warmaster Okawaru
  4105 | D:5      | Noticed Dowan
  4106 | D:5      | Noticed Duvessa
  4107 | D:5      | Killed Dowan
  4108 | D:5      | Gained mutation: You curl defensively after being hit. (AC
                  | +7*) [Palentonga growth]
  4108 | D:5      | Reached XP level 7. HP: 59/59 MP: 7/7
  4111 | D:5      | Noticed Pikel
  4117 | D:5      | HP: 4/88 [Duvessa/+1 short sword of venom (1)]
  4118 | D:5      | Killed Duvessa
  4122 | D:5      | HP: 1/88 [poisoned by Duvessa]
  4123 | D:5      | Succumbed to Duvessa's poison

Illustrated notes

Levels and vault maps discovered:
D:1:      scummos_arrival_hexagon, layout_basic
D:2:      layout_loops_cross, hellmonk_ecumenical_altar_dog_temple
D:3:      layout_basic, mainiacjoe_overflow_small_starburst, marbit_many_paths,
          roderic_serpentine_path
D:4:      layout_loops_ring, mainiacjoe_overflow_boulevard, serial_demonic,
          serial_demonic_c, serial_demonic_g, serial_demonic_f,
          serial_demonic_e, portal_sewer_entry_f, minmay_manual_mess,
          uniq_robin, uniq_crazy_yiuf_cottage
D:5:      layout_loops_ring, minmay_temple_entry_sparse_star,
          nicolae_figureground_pulse, uniq_edmund, uniq_grinder,
          uniq_prince_ribbit1, uniq_duvessa, uniq_pikel
Temple:   nicolae_temple_superstar

Skill      XL: |  1  2  3  4  5  6 |
---------------+-------------------+-----
Axes           | 3 4 5 6 |  6.8
Fighting       | 4 5 |  5.4
Armour         | |  2.4
Shields        | |  2.6

Action                   |  1- 3 |  4- 6 |  7- 9 || total
-------------------------+-------+-------+-------++-------
Melee: War axe           |    75 |   168 |    14 ||   257
       Tailslap          |     7 |    15 |     3 ||    25
Throw: Boomerang         |       |     1 |       ||     1
 Abil: Rolling Charge    |    21 |    46 |     1 ||    68
  Use: Scroll            |       |     5 |       ||     5
       Potion            |       |     1 |     2 ||     3
Armor: Scale mail        |    41 |    84 |       ||   125
Dodge: Dodged            |    24 |    58 |     5 ||    87
Block: Buckler           |    13 |    25 |     3 ||    41
